 Dungeon Crawl Stone Soup version 0.20-a0-940-g1ecfa5a (webtiles) character file.

634522 Firecrotchwizard the Axe Maniac (level 27, -11/264 HPs)
             Began as a Minotaur Berserker on Mar 29, 2017.
             Was the Champion of Trog.
             Mangled by a death cob (17 damage)
             ... on level 5 of the Realm of Zot on Mar 30, 2017.
             The game lasted 03:04:44 (52553 turns).

Firecrotchwizard the Axe Maniac (MiBe)             Turns: 52553, Time: 03:04:44

Health: -11/264    AC: 38    Str: 29    XL:     27
Magic:  22/22      EV: 22    Int:  2    God:    Trog [******]
Gold:   7044       SH:  3    Dex: 20    Spells: 26/26 levels left

rFire    + + .     SeeInvis +   l - +8 frozen axe "Frostbite" {freezing cloud, *Noise +Fly rC+}
rCold    + + +     Gourm    .   (shield currently unavailable)
rNeg     + . .     Faith    .   H - +3 gold dragon scales
rPois    +         Spirit   .   u - +2 hat
rElec    +         Reflect  +   f - +2 cloak {MR+}
rCorr    +         Harm     .   h - +2 pair of gloves
MR       +++..                  a - +2 pair of boots
Stlth    ..........             t - +3 amulet of reflection
Regen    0.6/turn               B - ring of Luruwn {Str+4 Slay+3 SInv}
MPRegen  0.2/turn               Z - ring of Arrival {rElec rPois rC+ rN+ Stlth+}

@: resistant, corroded, very slightly contaminated, hasted and slowed
A: retaliatory headbutt, horns 2, cold resistance 1, dopey 1, evolution 1
}: 3/15 runes: decaying, serpentine, silver
a: Berserk, Trog's Hand, Brothers in Arms, Burn Spellbooks, Renounce Religion,
Evoke Flight


You were on level 5 of the Realm of Zot.
You worshipped Trog.
Trog was exalted by your worship.
You were not hungry.

You visited 8 branches of the dungeon, and saw 46 of its levels.
You also visited: Ossuary, Ice Cave, Volcano and Wizlab.

You collected 10827 gold pieces.
You spent 3783 gold pieces at shops.

Inventory:

Hand Weapons
 e - a +3 vampiric battleaxe
 l - the +8 frozen axe "Frostbite" (weapon) {freezing cloud, *Noise +Fly rC+}
   (You found it on level 5 of the Vaults)

   It has been specially enchanted to freeze those struck by it, causing extra
   injury to most foes and up to half again as much damage against particularly
   susceptible opponents.
   It can also slow down cold-blooded creatures.
   It protects you from cold.
   It lets you fly.
   It may make noises in combat.
 x - a +7 triple crossbow of flaming
 M - a +4 antimagic executioner's axe
 W - the +6 arbalest "Damnation" {damnation}
   (You found it on level 5 of the Vaults)
Missiles
 J - 2077 bolts
Armour
 a - a +2 pair of boots (worn)
 f - a +2 cloak of magic resistance (worn)
 h - a +2 pair of gloves (worn)
 u - a +2 hat (worn)
 H - +3 gold dragon scales (worn)
Jewellery
 b - an uncursed ring of protection from magic
 t - a +3 amulet of reflection (around neck)
 y - an uncursed ring of resist corrosion
 B - the ring of Luruwn (left hand) {Str+4 Slay+3 SInv}
   (You bought it in a shop on level 6 of the Dungeon)

   [ring of see invisible]

   It affects your strength (+4).
   It affects your accuracy and damage with ranged weapons and melee attacks
   (+3).
   It lets you see invisible.
 C - the ring "Seigo" {rPois rN++ Str+3}
   (You bought it in a shop on level 4 of the Snake Pit)

   [ring of strength]

   It affects your strength (+3).
   It protects you from poison.
   It greatly protects you from negative energy.
 K - a +3 ring of intelligence
 R - an uncursed ring of ice
 Z - the ring of Arrival (right hand) {rElec rPois rC+ rN+ Stlth+}
   (You took it off a vampire knight on level 3 of the Depths)

   [ring of poison resistance]

   It protects you from cold.
   It insulates you from electricity.
   It protects you from poison.
   It protects you from negative energy.
   It makes you more stealthy.
Scrolls
 g - 27 scrolls of teleportation
 i - a scroll of holy word
 j - 11 scrolls of fear
 o - 5 scrolls of recharging
 r - 21 scrolls of remove curse
 D - 14 scrolls of magic mapping
 I - 2 scrolls of identify
 P - a scroll of silence
 S - 4 scrolls of blinking
 T - 2 scrolls of summoning
 V - 10 scrolls of fog
Potions
 d - 25 potions of curing
 n - 7 potions of haste
 q - 8 potions of cancellation
 s - 5 potions of brilliance
 v - 5 potions of lignification
 w - 13 potions of flight
 z - 11 potions of magic
 A - 7 potions of agility
 E - 3 potions of heal wounds
 F - a potion of invisibility
 G - 7 potions of berserk rage
 L - 7 potions of might
 N - 9 potions of mutation
 X - 2 potions of ambrosia
 Y - 4 potions of resistance
Comestibles
 c - 28 bread rations
 k - 23 royal jellies
 m - 6 meat rations
 p - 6 chunks of flesh


   Skills:
 + Level 24.7 Fighting
 O Level 27 Axes
 * Level 22.4 Crossbows
 + Level 24.3 Armour
 + Level 22.6 Dodging


You had 26 spell levels left.
You didn't know any spells.

Dungeon Overview and Level Annotations

Branches:
Dungeon (15/15)            Temple (0/1) D:4            Lair (6/6) D:10
  Swamp (4/4) Lair:2        Snake (4/4) Lair:2        Slime (0/5) Lair:6
    Orc (2/2) D:9             Elf (0/3) Orc:2        Vaults (5/5) D:13
  Crypt (0/3) Vaults:3     Depths (5/5) D:15            Zot (5/5) Depths:5

Altars:
Ashenzari
Cheibriados
Dithmenos
Kikubaaqudgha
Makhleb
Nemelex Xobeh
Ru
Sif Muna
Trog
Vehumet
Zin
Beogh
Jiyva

Shops:
D:6 =%*   D:9 !   D:10 (   D:11 :*!   D:13 (   Orc:1 ?   Orc:2 %?[*
Snake:4 }}}=   Vaults:2 :(   Vaults:3 :   Depths:1 [[(=   Depths:2 *

Portals:
Hell: Depths:1 Depths:2 Depths:3 Depths:4 Depths:5
Abyss: Depths:4
Pandemonium: Depths:3
Ziggurat: Depths:5


Innate Abilities, Weirdness & Mutations

You reflexively headbutt those who attack you in melee.
You have a pair of horns on your head.
Your flesh is cold resistant. (rC+)
You are dopey. (Int -2)
You evolve.


Message History

The yellow draconian monk barely misses you.
You furiously retaliate!
You headbutt the yellow draconian monk! The yellow draconian monk kicks you.
* * * LOW HITPOINT WARNING * * *
The yellow draconian monk completely misses you.
You barely miss the orb of fire.
The orb of fire is lightly damaged.
You miss the death cob. You slice the yellow draconian monk!!
The yellow draconian monk seems to slow down.
You freeze the yellow draconian monk! You closely miss the storm dragon.
You cut the Orb Guardian into ribbons!!!
You freeze the Orb Guardian!!
The death cob hits you but does no damage.
The Orb Guardian is engulfed in freezing vapours.
You kill the Orb Guardian!
Trog accepts your kill. The storm dragon barely misses you.
You furiously retaliate!
You headbutt the storm dragon. The storm dragon completely misses you.
The storm dragon misses you. The death cob hits you!
You die...

............%..
......8........
...............
...............
...............
...............
......qz*....(.
....y..@§y.....
...X....D...▓▓▓
...##▓▓▓#▓▓▓▓ .
##### ......
#...... #......


You could see an orb of fire, an electric golem, a yellow draconian monk
(berserk), a storm dragon (berserk), a death cob, an Orb Guardian (berserk) and
2 moths of wrath.

Vanquished Creatures
  The ghost of dogface the Petrodigitator, a legendary FoEE of Ashenzari (Zot:5)
  3 orbs of fire
  5 ancient liches
  A juggernaut (Depths:3)
  Boris (Depths:5)
  Sojobo (Depths:5)
  Margery (Vaults:4)
  Saint Roka (Vaults:4)
  The ghost of Parsimony the Pyromancer, a veteran DrFE of Sif Muna (Vaults:5)
  10 golden dragons
  the Enchantress (Depths:5)
  3 electric golems
  A bone dragon (Depths:5)
  Jorgrun (Vaults:4)
  11 Orb Guardians (Zot:5)
  8 liches
  2 Ice Fiends (IceCv)
  Asterion (Vaults:3)
  4 titans (Vaults:5)
  13 tentacled monstrosities
  A moon troll (WizLab)
  7 quicksilver dragons
  3 sphinxes
  2 thorn hunters (Swamp:4)
  11 tentacled starspawn (WizLab)
  13 tengu reavers
  7 death cobs
  16 shadow dragons
  9 draconian monks
  15 storm dragons
  Kirke (Lair:4)
  The ghost of Sharkman1231 the Impaler, an adept DrFE of Ashenzari (Snake:1)
  19 nagarajas
  10 fire giants
  3 draconian knights
  9 frost giants
  A deep elf sorcerer (Vaults:5)
  An orc warlord (Orc:1)
  4 draconian shifters
  4 ghost moths
  2 iron dragons
  13 vault wardens
  4 draconian scorchers
  A cacodemon (WizLab)
  5 draconian stormcallers
  The ghost of Elitist the Martial Artist, a journeyman DsNe of Okawaru (Swamp:1)
  5 spriggan defenders
  Aizul (Snake:1)
  21 very ugly things
  A deep elf elementalist (Depths:3)
  3 draconian annihilators
  A reaper (Depths:1)
  23 stone giants
  17 ironheart preservers
  The ghost of Elysium the Stickfighter, a journeyman MiBe of Trog (Snake:2)
  14 black draconians
  5 deep elf demonologists
  A dire elephant (Lair:6)
  6 vampire knights
  3 deep elf annihilators
  10 green draconians
  10 purple draconians
  12 spark wasps
  10 red draconians
  11 yellow draconians
  12 white draconians
  A minotaur (shapeshifter) (Depths:3)
  A green death (Depths:1)
  19 ettins
  13 great orbs of eyes
  A merfolk impaler (Depths:3)
  2 deep elf death magi
  19 yaktaur captains
  Josephine (D:13)
  15 fire dragons
  3 jiangshi (Depths:5)
  A deep elf high priest (Vaults:5)
  11 hydras
  6 spriggan air magi
  34 naga warriors
  15 ice dragons
  35 vault guards
  A ghost crab (Swamp:4)
  2 catoblepae
  3 rakshasas
  3 alligators
  59 two-headed ogres
  3 death knights
  7 anacondas
  6 centaur warriors
  19 ogre magi
  9 deep troll shamans
  8 death yaks
  19 tengu warriors
  A two-headed ogre (shapeshifter) (Vaults:5)
  8 spriggan berserkers
  9 deep elf knights
  14 naga sharpshooters
  A vampire mage (Depths:5)
  3 shock serpents
  5 orc high priests (Orc:2)
  8 deep troll earth magi
  2 soul eaters
  2 storm dragon zombies
  2 wretched stars (WizLab)
  A salamander mystic (Depths:3)
  2 shadow wraiths
  2 fire crabs (Swamp:4)
  An orange crystal statue (WizLab)
  2 sea snakes (Snake:1)
  8 hell knights
  34 deep trolls
  11 swamp dragons
  12 glowing orange brains
  3 flayed ghosts
  7 naga ritualists
  2 wizards (Depths:1)
  6 unseen horrors
  A spriggan druid (Swamp:3)
  3 shambling mangroves
  4 phantasmal warriors
  8 deep elf archers
  5 harpies (Vaults:1)
  A sphinx zombie (Vaults:1)
  A shadow dragon zombie (Vaults:5)
  16 ironbrand convokers
  6 necromancers
  6 orc sorcerers
  20 orc knights
  7 wolf spiders
  13 deep elf magi
  40 ugly things
  8 cyclopes
  4 mana vipers
  A manticore (shapeshifter) (Depths:4)
  A manticore (D:15)
  The ghost of Donglino the Spear-Bearer, a novice MfGl of Yredelemnul (D:7)
  A glowing shapeshifter (Depths:1)
  8 salamanders
  A guardian serpent (shapeshifter) (Vaults:3)
  22 moths of wrath
  A frost giant skeleton (Vaults:1)
  2 stone giant skeletons (Vaults:5)
  30 black mambas
  26 naga magi
  3 elephants (Lair:6)
  12 vault sentinels
  2 ice statues (IceCv)
  2 torpor snails
  A storm dragon simulacrum (Vaults:1)
  A spiny frog (shapeshifter) (Vaults:1)
  6 guardian serpents
  The ghost of kazak the Poker, a novice CeFi (D:4)
  2 eyes of devastation (WizLab)
  13 spiny frogs
  6 gargoyles
  2 rime drakes
  4 centaur skeletons
  A rime drake (shapeshifter) (Vaults:1)
  59 yaktaurs
  A kobold demonologist (D:13)
  A yaktaur (shapeshifter) (Depths:3)
  A yaktaur zombie (Vaults:1)
  11 komodo dragons
  An efreet (Volcano)
  2 yaktaur skeletons (Vaults:1)
  3 human skeletons
  9 freezing wraiths
  A jumping spider (shapeshifter) (Depths:1)
  A demonic crawler (Depths:1)
  A troll (shapeshifter) (Vaults:1)
  12 ice devils (IceCv)
  8 trolls
  15 tengu conjurers
  A meliai (shapeshifter) (D:14)
  3 tyrant leeches
  4 polar bears
  2 raiju (shapeshifter)
  9 blink frogs
  11 hornets
  2 queen bees
  A tengu simulacrum (Vaults:3)
  Grinder (D:5)
  Prince Ribbit (D:7)
  A wind drake (shapeshifter) (Vaults:3)
  An ettin zombie (Vaults:4)
  A snapping turtle (shapeshifter) (Vaults:5)
  A hippogriff (shapeshifter) (Vaults:4)
  4 bog bodies
  A large abomination (Depths:1)
  10 hippogriffs
  A blink frog (shapeshifter) (Vaults:1)
  43 slime creatures
  3 air elementals (Depths:5)
  A redback (D:14)
  7 spriggans
  A spriggan (shapeshifter) (Depths:1)
  9 water elementals
  7 wraiths
  3 wyverns
  4 fire elementals
  A vampire (D:13)
  4 shadows
  39 yaks
  6 hogs (Lair:4)
  Grum (D:10)
  2 basilisks
  A chaos spawn (Depths:1)
  A hungry ghost (D:14)
  A human (shapeshifter) (Vaults:2)
  A neqoxec (WizLab)
  4 steam dragons (Swamp:4)
  The ghost of Psyclone the Slasher, an amateur OpFi (D:3)
  26 vampire mosquitoes
  8 wargs
  7 insubstantial wisps
  17 swamp worms
  83 nagas
  7 water moccasins
  An ogre zombie (Vaults:1)
  3 acid dragons
  2 floating eyes (shapeshifter)
  6 porcupines
  A hell hound (Depths:5)
  72 orc warriors
  2 sky beasts
  9 swamp drakes
  4 black bears
  A hornet zombie (D:14)
  2 black bears (shapeshifter)
  3 phantoms
  13 starcursed masses (WizLab)
  5 ice beasts
  12 boggarts
  50 ogres
  13 wolves
  An elf skeleton (Vaults:4)
  16 centaurs
  8 crocodiles
  A human zombie (Vaults:1)
  Blork the orc (D:5)
  7 big kobolds
  15 bullfrogs
  2 earth elementals (Depths:1)
  2 scorpions
  A small abomination (Depths:1)
  2 human simulacra (Vaults:1)
  34 killer bees
  5 wights (D:6)
  An electric eel (Lair:2)
  15 howler monkeys
  4 crimson imps
  3 bullfrog zombies
  6 jellies
  7 centaur zombies
  11 hounds
  37 orc priests
  Crazy Yiuf (D:5)
  28 orc wizards
  3 iguanas
  A hell rat (Depths:1)
  8 worker ants
  3 hound skeletons
  8 mummies (Ossuary)
  A howler monkey zombie (D:11)
  A worker ant zombie (D:7)
  2 howler monkey skeletons
  3 gnolls (D:9)
  7 adders
  3 shadow imps
  6 white imps (IceCv)
  6 ufetubi (IceCv)
  An adder skeleton (D:9)
  2 adder zombies
  A worm (D:3)
  4 dart slugs
  5 leopard geckos
  149 orcs
  5 bats
  9 giant cockroaches
  7 goblins
  10 hobgoblins
  23 jackals
  23 kobolds
  4 quokkas
  10 frilled lizards
  2 hobgoblin zombies (Ossuary)
  3 kobold zombies (Ossuary)
  4 orc zombies
  4 rats
  2 crawling corpses (Vaults:5)
  2 demonic plants (WizLab)
  4 plants
  16 starspawn tentacles (WizLab)
2373 creatures vanquished.

Vanquished Creatures (collateral kills)
  The ghost of xnavy the Axe Maniac, a legendary HOFi of Qazlal (Depths:2)
  Mara (Vaults:4)
  A sphinx (Vaults:4)
  Donald (Snake:3)
  An ironheart preserver (Vaults:4)
  An ogre mage (Vaults:4)
  A naga warrior (Snake:4)
  2 vault guards (Vaults:5)
  3 hydras
  An anaconda (Snake:3)
  A salamander mystic (Snake:4)
  A salamander (Snake:4)
  A guardian serpent (Snake:4)
  A naga mage (Snake:3)
  A naga (Snake:4)
  An orc wizard (D:10)
  A worker ant (D:10)
  2 orcs (D:10)
22 creatures vanquished.

Vanquished Creatures (others)
  2 hydras (Swamp:4)
  A swamp dragon (Swamp:4)
  A lindwurm (Swamp:4)
  A deep elf mage (Vaults:2)
  3 vampire mosquitoes (Swamp:4)
  4 swamp drakes (Swamp:4)
  A human (D:2)
  2 boggarts
  3 white imps (IceCv)
  4 ufetubi (IceCv)
  2 fungi
  3 plants
  24 starspawn tentacles (WizLab)
51 creatures vanquished.

Grand Total: 2446 creatures vanquished

Notes
Turn   | Place    | Note
-------+----------+-------------------------------------------
     0 | D:1      | Firecrotchwizard the Minotaur Berserker began the quest for the Orb.
     0 | D:1      | Reached XP level 1. HP: 19/19 MP: 0/0
   106 | D:1      | Reached XP level 2. HP: 27/27 MP: 1/1
   287 | D:1      | Reached skill level 4 in Axes
   353 | D:1      | Reached ** piety under Trog
   361 | D:1      | Reached XP level 3. HP: 32/33 MP: 2/2
   778 | D:2      | Found a shattered altar of Ashenzari.
   810 | D:2      | Found an ancient bone altar of Kikubaaqudgha.
   814 | D:2      | Noticed a human
   817 | D:2      | Killed a human
  1469 | D:3      | Reached XP level 4. HP: 40/40 MP: 3/3
  1501 | D:3      | Noticed Psyclone's ghost (amateur OpFi)
  1530 | D:3      | Killed Psyclone's ghost
  1530 | D:3      | Reached skill level 5 in Axes
  1530 | D:3      | Reached XP level 5. HP: 47/47 MP: 4/4
  1780 | D:3      | Found a bloodstained altar of Trog.
  1831 | D:3      | Reached *** piety under Trog
  1991 | D:3      | Found a shadowy altar of Dithmenos.
  2138 | D:4      | Found a staircase to the Ecumenical Temple.
  2153 | D:4      | Reached skill level 5 in Fighting
  2162 | D:4      | Reached XP level 6. HP: 44/56 MP: 5/5
  2185 | D:4      | Noticed kazak's ghost (novice CeFi)
  2193 | D:4      | Killed kazak's ghost
  2193 | D:4      | Reached skill level 6 in Axes
  2193 | D:4      | Reached XP level 7. HP: 29/62 MP: 6/6
  2561 | D:4      | Reached skill level 7 in Axes
  3000 | D:5      | Entered Level 5 of the Dungeon
  3011 | D:5      | Reached skill level 5 in Armour
  3011 | D:5      | Reached skill level 5 in Dodging
  3300 | D:5      | Reached XP level 8. HP: 65/70 MP: 7/7
  3369 | D:5      | Found a runed door.
  3524 | D:5      | Noticed Blork the orc
  3536 | D:5      | Killed Blork the orc
  3613 | D:5      | Reached **** piety under Trog
  3676 | D:5      | Reached skill level 8 in Axes
  3897 | D:5      | Noticed Grinder
  3914 | D:5      | Killed Grinder
  3927 | D:5      | Found a burning altar of Makhleb.
  3927 | D:5      | Found a snail-covered altar of Cheibriados.
  4020 | D:5      | Noticed Crazy Yiuf
  4025 | D:5      | Killed Crazy Yiuf
  4158 | D:6      | Found Pian's Jewellery Shop.
  4162 | D:6      | Found a sand-covered staircase.
  4239 | Ossuary  | Entered an ossuary
  4360 | Ossuary  | Reached skill level 9 in Axes
  4487 | D:6      | Identified a scroll of acquirement
  4497 | D:6      | Bought an uncursed amulet of regeneration for 360 gold pieces
  4497 | D:6      | Bought an uncursed ring of resist corrosion for 240 gold pieces
  4497 | D:6      | Bought the ring of Luruwn {Str+4 Slay+3 SInv} for 516 gold pieces
  4497 | D:6      | Bought an uncursed ring of poison resistance for 240 gold pieces
  4633 | D:6      | Reached XP level 9. HP: 69/79 MP: 8/8
  4964 | D:6      | Reached ***** piety under Trog
  5065 | D:6      | Found Nonawuol's Food Boutique.
  5132 | D:6      | Found Utocimm's General Store.
  5441 | D:7      | Found a shattered altar of Ashenzari.
  5451 | D:7      | Noticed Donglino's ghost (novice MfGl)
  5458 | D:7      | Killed Donglino's ghost
  5458 | D:7      | Reached skill level 10 in Axes
  5559 | D:7      | Noticed Prince Ribbit
  5574 | D:7      | Killed Prince Ribbit
  6161 | D:8      | Reached XP level 10. HP: 84/90 MP: 9/9
  6230 | D:8      | Reached skill level 11 in Axes
  6279 | D:8      | Received a gift from Trog
  6359 | D:8      | Found a radiant altar of Vehumet.
  6359 | D:8      | Found a sacrificial altar of Ru.
  7026 | D:9      | Found a staircase to the Orcish Mines.
  7075 | D:9      | Reached skill level 12 in Axes
  7278 | D:9      | Found Naont's Distillery.
  7290 | D:9      | Bought a potion of might for 60 gold pieces
  7290 | D:9      | Bought 2 potions of curing for 90 gold pieces
  7290 | D:9      | Bought a potion of curing for 45 gold pieces
  7303 | D:9      | Noticed a two-headed ogre
  7309 | D:9      | Killed a two-headed ogre
  7654 | D:10     | Entered Level 10 of the Dungeon
  7690 | D:10     | Noticed a two-headed ogre
  7706 | D:10     | Killed a two-headed ogre
  7706 | D:10     | Reached skill level 10 in Fighting
  7706 | D:10     | Reached XP level 11. HP: 69/99 MP: 3/10
  7846 | D:10     | Noticed a six-headed hydra
  7859 | D:10     | Killed an eight-headed hydra
  7954 | D:10     | Noticed Grum
  7956 | D:10     | Reached skill level 13 in Axes
  7959 | D:10     | Killed Grum
  7993 | D:10     | Found Pethoiw's Antique Weapon Shoppe.
  8080 | D:10     | Noticed an unseen horror
  8096 | D:10     | Killed an unseen horror
  8178 | D:10     | Found a staircase to the Lair.
  8186 | D:10     | Received a gift from Trog
  8232 | D:10     | Reached skill level 10 in Armour
  8513 | Lair:1   | Entered Level 1 of the Lair of Beasts
  8532 | Lair:1   | Found a deep blue altar of Sif Muna.
  8624 | Lair:1   | Noticed an eight-headed hydra
  8631 | Lair:1   | Killed an eight-headed hydra
  9237 | Lair:2   | Found a staircase to the Swamp.
  9291 | Lair:2   | Noticed a seven-headed hydra
  9297 | Lair:2   | Killed a seven-headed hydra
  9297 | Lair:2   | Reached skill level 14 in Axes
  9347 | Lair:2   | Found a staircase to the Snake Pit.
 10360 | Lair:3   | Reached skill level 10 in Dodging
 10523 | Lair:3   | Reached XP level 12. HP: 101/110 MP: 3/11
 10695 | Lair:3   | Found a dark tunnel.
 10700 | Volcano  | Entered a volcano
 11143 | Lair:4   | Noticed Kirke
 11152 | Lair:4   | Reached skill level 15 in Axes
 11158 | Lair:4   | Killed Kirke
 11458 | Lair:4   | Noticed an eight-headed hydra
 11467 | Lair:4   | Killed a four-headed hydra
 11469 | Lair:4   | Noticed a catoblepas
 11485 | Lair:4   | Killed a catoblepas
 11485 | Lair:4   | Reached skill level 16 in Axes
 11649 | Lair:4   | Reached XP level 13. HP: 113/118 MP: 12/12
 11650 | Lair:4   | Received a gift from Trog
 12742 | Lair:6   | Entered Level 6 of the Lair of Beasts
 13197 | Lair:6   | Found a staircase to the Slime Pits.
 13200 | Lair:6   | Found a viscous altar of Jiyva.
 13400 | Lair:6   | Reached skill level 17 in Axes
 13495 | Lair:6   | Noticed a dire elephant
 13505 | Lair:6   | Killed a dire elephant
 13880 | D:10     | Received a gift from Trog
 13988 | D:11     | Reached XP level 14. HP: 129/129 MP: 13/13
 14016 | D:11     | Found Cixolew's General Store.
 14021 | D:11     | Found Giej's Distillery.
 14026 | D:11     | Bought a potion of resistance for 140 gold pieces
 14036 | D:11     | Bought a potion of mutation for 112 gold pieces
 14036 | D:11     | Bought a potion of mutation for 112 gold pieces
 14036 | D:11     | Bought a potion of curing for 42 gold pieces
 14036 | D:11     | Bought a potion of haste for 140 gold pieces
 14036 | D:11     | Bought a potion of mutation for 112 gold pieces
 14036 | D:11     | Bought 2 potions of haste for 280 gold pieces
 14365 | D:11     | Found Nihoguh's Book Shoppe.
 14596 | D:11     | Got a warped granite ring
 14598 | D:11     | Identified the ring of the Empty Page {+Fly rF- Str+2 Int+5 Dex+3} (You acquired it on level 11 of the Dungeon)
 14628 | D:12     | Reached skill level 18 in Axes
 14649 | D:12     | Found a glowing silver altar of Zin.
 14739 | D:12     | Received a gift from Trog
 15315 | D:13     | Noticed Josephine
 15324 | D:13     | Killed Josephine
 15501 | D:13     | Found Fuzxiph's Antique Weapon Boutique.
 15887 | D:13     | Found a gate to the Vaults.
 15971 | D:14     | Reached ****** piety under Trog
 16104 | D:14     | Received a gift from Trog
 17080 | D:15     | Entered Level 15 of the Dungeon
 17155 | D:15     | Reached skill level 19 in Axes
 17255 | D:15     | Reached XP level 15. HP: 139/139 MP: 14/14
 17358 | D:15     | Received a gift from Trog
 17551 | D:15     | Found a staircase to the Depths.
 18286 | Swamp:1  | Entered Level 1 of the Swamp
 18292 | Swamp:1  | Noticed Elitist's ghost (journeyman DsNe)
 18309 | Swamp:1  | Killed Elitist's ghost
 18564 | Swamp:1  | Received a gift from Trog
 18727 | Swamp:1  | Reached skill level 15 in Fighting
 19128 | Swamp:2  | Reached skill level 20 in Axes
 19215 | Swamp:2  | Reached skill level 15 in Armour
 19345 | Swamp:2  | Found a frozen archway.
 19354 | IceCv    | Entered an ice cave
 19555 | IceCv    | Noticed an Ice Fiend
 19556 | IceCv    | Noticed an Ice Fiend
 19570 | IceCv    | Killed an Ice Fiend
 19574 | IceCv    | Killed an Ice Fiend
 20199 | Swamp:2  | Received a gift from Trog
 20204 | Swamp:2  | Reached XP level 16. HP: 132/149 MP: 15/15
 20249 | Swamp:2  | Upgraded the game from 0.20-a0-930-gbddf555 to 0.20-a0-940-g1ecfa5a
 21166 | Swamp:4  | Entered Level 4 of the Swamp
 21228 | Swamp:4  | Noticed a thorn hunter
 21236 | Swamp:4  | Killed a thorn hunter
 22114 | Swamp:4  | Got a decaying rune of Zot
 22356 | Swamp:4  | Noticed a thorn hunter
 22364 | Swamp:4  | Killed a thorn hunter
 22364 | Swamp:4  | Reached skill level 21 in Axes
 22611 | Orc:1    | Entered Level 1 of the Orcish Mines
 22779 | Orc:2    | Entered Level 2 of the Orcish Mines
 22789 | Orc:2    | Received a gift from Trog
 22876 | Orc:2    | Found a staircase to the Elven Halls.
 23254 | Orc:2    | Received a gift from Trog
 23594 | Orc:2    | Found Ewnekeff's Food Shoppe.
 23597 | Orc:2    | Found Hutz's Armour Shoppe.
 23598 | Orc:2    | Found Uweofi's General Store.
 23599 | Orc:2    | Found Kerch's Magic Scroll Emporium.
 23603 | Orc:2    | Bought a +1 cloak of magic resistance for 198 gold pieces
 23620 | Orc:2    | Bought a scroll of enchant armour for 75 gold pieces
 23620 | Orc:2    | Bought a scroll of teleportation for 30 gold pieces
 23620 | Orc:2    | Bought a scroll of enchant armour for 75 gold pieces
 23620 | Orc:2    | Bought a scroll of identify for 20 gold pieces
 23620 | Orc:2    | Bought a scroll of identify for 20 gold pieces
 23620 | Orc:2    | Bought a scroll of identify for 20 gold pieces
 23620 | Orc:2    | Bought a scroll of magic mapping for 35 gold pieces
 23809 | Orc:1    | Found Apopeori's Magic Scroll Boutique.
 23814 | Orc:1    | Bought a scroll of enchant armour for 82 gold pieces
 23814 | Orc:1    | Bought a scroll of teleportation for 33 gold pieces
 23814 | Orc:1    | Bought a scroll of teleportation for 33 gold pieces
 23824 | Orc:1    | Found a roughly hewn altar of Beogh.
 24188 | Orc:1    | Received a gift from Trog
 24379 | Snake:1  | Entered Level 1 of the Snake Pit
 24404 | Snake:1  | Noticed Sharkman1231's ghost (adept DrFE)
 24417 | Snake:1  | Killed Sharkman1231's ghost
 24517 | Snake:1  | Reached skill level 15 in Dodging
 24773 | Snake:1  | Noticed Aizul
 24785 | Snake:1  | Killed Aizul
 24785 | Snake:1  | Reached XP level 17. HP: 140/159 MP: 5/16
 25548 | Snake:2  | Noticed Elysium's ghost (journeyman MiBe)
 25572 | Snake:2  | Killed Elysium's ghost
 25911 | Snake:2  | Received a gift from Trog
 25925 | Snake:2  | Reached skill level 22 in Axes
 25931 | Snake:2  | Reached skill level 1 in Crossbows
 26968 | Snake:3  | Noticed Donald
 26975 | Snake:3  | Killed Donald
 27347 | Snake:4  | Entered Level 4 of the Snake Pit
 27347 | Snake:4  | Found Arrum's Gadget Emporium.
 27382 | Snake:4  | Found Boral's Gadget Shoppe.
 27471 | Snake:4  | Found a sparkling altar of Nemelex Xobeh.
 28010 | Snake:4  | Found Oggoupa's Jewellery Emporium.
 28024 | Snake:4  | Bought the ring "Seigo" {rPois rN++ Str+3} for 673 gold pieces
 28029 | Snake:4  | Found Imuywk's Gadget Shop.
 28353 | Snake:4  | Reached XP level 18. HP: 169/169 MP: 17/17
 28377 | Snake:4  | Received a gift from Trog
 28388 | Snake:4  | Reached skill level 5 in Crossbows
 28820 | Snake:4  | Reached skill level 23 in Axes
 28892 | Snake:4  | Received a gift from Trog
 29117 | Snake:4  | Got a serpentine rune of Zot
 29624 | Vaults:1 | Entered Level 1 of the Vaults
 29803 | Vaults:1 | Received a gift from Trog
 29867 | Vaults:1 | Reached XP level 19. HP: 179/179 MP: 18/18
 30347 | Vaults:1 | Received a gift from Trog
 30866 | Vaults:1 | Reached skill level 24 in Axes
 31351 | Vaults:2 | Found Qetap's Book Boutique.
 31422 | Vaults:2 | Received a gift from Trog
 31470 | Vaults:2 | Found Patiedd's Antique Weapon Shop.
 31635 | Vaults:2 | Received a gift from Trog
 32697 | Vaults:3 | Received a gift from Trog
 32707 | Vaults:3 | Reached XP level 20. HP: 189/189 MP: 19/19
 32805 | Vaults:3 | Found a deep blue altar of Sif Muna.
 32853 | Vaults:3 | Noticed Asterion
 32873 | Vaults:3 | Killed Asterion
 32986 | Vaults:3 | Found a magical portal.
 33000 | WizLab   | Entered Lehudib's Moon Base
 33058 | WizLab   | Gained mutation: Your mind is acute. (Int +2) [a neqoxec]
 33509 | WizLab   | Paralysed by accursed screaming for 1 turns
 33516 | WizLab   | Paralysed by accursed screaming for 2 turns
 33809 | WizLab   | Received a gift from Trog
 33924 | WizLab   | Reached skill level 25 in Axes
 33941 | WizLab   | Reached skill level 10 in Crossbows
 34346 | WizLab   | Identified Lehudib's Incunabulum of Unstable Clay
 34378 | WizLab   | Identified the +7 battleaxe "Demonslayer" {distort, rF+} (You found it in a wizard's laboratory)
 34511 | Vaults:3 | Found a staircase to the Crypt.
 35052 | Vaults:3 | Found Bucot's Book Emporium.
 35114 | Vaults:3 | Received a gift from Trog
 35320 | Vaults:4 | Received a gift from Trog
 35360 | Vaults:4 | Noticed Saint Roka
 35423 | Vaults:4 | Killed Saint Roka
 35423 | Vaults:4 | Reached XP level 21. HP: 102/198 MP: 20/20
 35686 | Vaults:4 | Noticed Jorgrun
 35703 | Vaults:4 | Killed Jorgrun
 36034 | Vaults:4 | Noticed Mara
 36050 | Vaults:4 | Killed Mara
 36051 | Vaults:4 | Received a gift from Trog
 36074 | Vaults:4 | Noticed Margery
 36085 | Vaults:4 | Killed Margery
 36250 | Vaults:4 | Received a gift from Trog
 36272 | Vaults:4 | Received a gift from Trog
 36486 | Vaults:4 | Reached skill level 26 in Axes
 36949 | Depths:1 | Entered Level 1 of the Depths
 37083 | Depths:1 | Received a gift from Trog
 37304 | Depths:1 | Found Vacsoi's Weapon Boutique.
 37304 | Depths:1 | Found Sigi's Armour Shop.
 37305 | Depths:1 | Found Kuploed's Armour Shop.
 37309 | Depths:1 | Found Salyaff's Jewellery Boutique.
 37350 | Depths:1 | Found a runed gate.
 37350 | Depths:1 | Found a runed gate.
 37350 | Depths:1 | Found a runed gate.
 37479 | Depths:1 | Found a gateway to Hell.
 37765 | Depths:1 | Reached XP level 22. HP: 209/209 MP: 21/21
 38098 | Depths:1 | Paralysed by a floating eye for 2 turns
 38125 | Depths:1 | Received a gift from Trog
 38131 | Depths:1 | Identified the +1 chain mail of Zaxkiw {rPois rC+ rN+ Int+4} (You found it on level 1 of the Depths)
 38299 | Depths:2 | Received a gift from Trog
 38300 | Depths:2 | Paralysed by a great orb of eyes for 6 turns
 38648 | Depths:2 | Noticed xnavy's ghost (legendary HOFi)
 38680 | Depths:2 | Killed xnavy's ghost
 38851 | Depths:2 | Received a gift from Trog
 39323 | Depths:2 | Found Mvvus's Merry Market.
 39698 | Depths:3 | Received a gift from Trog
 39793 | Depths:3 | Found a runed door.
 39823 | Depths:3 | Reached skill level 27 in Axes
 39851 | Depths:3 | Noticed a golden dragon
 39886 | Depths:3 | Noticed a golden dragon
 39894 | Depths:3 | Killed a golden dragon
 40111 | Depths:3 | Noticed a juggernaut
 40125 | Depths:3 | Killed a juggernaut
 40208 | Depths:3 | Reached XP level 23. HP: 220/220 MP: 22/22
 40563 | Depths:3 | Received a gift from Trog
 40613 | Depths:3 | Received a gift from Trog
 40972 | Depths:3 | Got a slimy lapis lazuli ring
 41401 | Depths:3 | Noticed an ancient lich
 41402 | Depths:3 | Found a one-way gate leading to the halls of Pandemonium.
 41411 | Depths:3 | Killed an ancient lich
 41900 | Depths:4 | Received a gift from Trog
 42523 | Depths:4 | Received a gift from Trog
 42639 | Depths:4 | Reached skill level 15 in Crossbows
 42667 | Depths:4 | Found a one-way gate to the infinite horrors of the Abyss.
 43026 | Depths:5 | Entered Level 5 of the Depths
 43034 | Depths:5 | Received a gift from Trog
 43066 | Depths:5 | Noticed the Enchantress
 43079 | Depths:5 | Killed the Enchantress
 43120 | Depths:5 | Received a gift from Trog
 43142 | Depths:5 | Identified the +5 faerie dragon scales {rCorr Str+3 SInv} (You took it off the Enchantress on level 5 of the Depths)
 43146 | Depths:5 | Identified the ring of Arrival {rElec rPois rC+ rN+ Stlth+} (You took it off a vampire knight on level 3 of the Depths)
 43162 | Depths:5 | Found a gate to the Realm of Zot.
 43229 | Depths:5 | Noticed Boris
 43238 | Depths:5 | Killed Boris
 43238 | Depths:5 | Reached XP level 24. HP: 148/231 MP: 22/22
 43656 | Depths:5 | Found a gateway to a ziggurat.
 43765 | Depths:5 | Noticed Sojobo
 43792 | Depths:5 | Killed Sojobo
 44139 | Depths:5 | Received a gift from Trog
 44879 | Vaults:5 | Entered Level 5 of the Vaults
 45261 | Vaults:5 | Noticed Parsimony's ghost (veteran DrFE)
 45293 | Vaults:5 | Killed Parsimony's ghost
 45400 | Vaults:5 | Got a serpentine bronze ring
 45402 | Vaults:5 | Identified the ring of Qetit {*Tele rF++ Stlth+} (You found it on level 5 of the Vaults)
 45435 | Vaults:5 | Received a gift from Trog
 45656 | Vaults:5 | Reached XP level 25. HP: 205/240 MP: 22/22
 46120 | Vaults:5 | Received a gift from Trog
 46160 | Vaults:5 | Got a silver rune of Zot
 46813 | Vaults:5 | Noticed an ancient lich
 46823 | Vaults:5 | Killed an ancient lich
 47262 | Zot:1    | Entered Level 1 of the Realm of Zot
 48007 | Zot:1    | Received a gift from Trog
 48763 | Zot:2    | Received a gift from Trog
 48791 | Zot:2    | Received a gift from Trog
 49052 | Zot:2    | Noticed an orb of fire
 49057 | Zot:2    | Lost mutation: Your mind is acute. (Int +2) [an orb of fire]
 49061 | Zot:2    | Gained mutation: You have large cloven feet. [an orb of fire]
 49063 | Zot:2    | Killed an orb of fire
 49306 | Zot:2    | Reached XP level 26. HP: 164/251 MP: 22/22
 50255 | Zot:3    | Received a gift from Trog
 51635 | Zot:5    | Entered Level 5 of the Realm of Zot
 51646 | Zot:5    | Noticed dogface's ghost (legendary FoEE)
 51668 | Zot:5    | Killed dogface's ghost
 51712 | Zot:5    | Noticed an ancient lich
 51722 | Zot:5    | Killed an ancient lich
 51732 | Zot:5    | Received a gift from Trog
 51857 | Zot:5    | Noticed an ancient lich
 51862 | Zot:5    | Killed an ancient lich
 51862 | Zot:5    | Reached XP level 27. HP: 246/264 MP: 22/22
 51863 | Zot:5    | Noticed an orb of fire
 51871 | Zot:5    | Gained mutation: Your magical capacity is low. (-10% MP) [an orb of fire]
 51875 | Zot:5    | Gained mutation: You are frail. (-10% HP) [an orb of fire]
 51876 | Zot:5    | Killed an orb of fire
 51892 | Zot:5    | Noticed an ancient lich
 51901 | Zot:5    | Killed an ancient lich
 52432 | Zot:5    | Noticed an orb of fire
 52443 | Zot:5    | Killed an orb of fire
 52468 | Zot:5    | Lost mutation: Your magical capacity is low. (-10% MP) [potion of mutation]
 52468 | Zot:5    | Lost mutation: You are frail. (-10% HP) [potion of mutation]
 52468 | Zot:5    | Lost mutation: You have large cloven feet. [potion of mutation]
 52468 | Zot:5    | Gained mutation: You evolve. [potion of mutation]
 52468 | Zot:5    | Gained mutation: You are dopey. (Int -2) [potion of mutation]
 52468 | Zot:5    | Gained mutation: Your flesh is cold resistant. (rC+) [potion of mutation]
 52503 | Zot:5    | Received a gift from Trog
 52542 | Zot:5    | Noticed an orb of fire
 52552 | Zot:5    | HP: 11/264 [Orb Guardian (34)]
 52553 | Zot:5    | Mangled by a death cob

Vault maps used:
D:1:      dpeg_chamrin_arrival_tetris, minmay_tromino_i2
D:2:      overflow_temple_1_default, first_bread, tgw_kikubaaqudgha
D:3:      nicolae_overflow_hidden_temple, grunt_ministairs_14,
          nicolae_dithmenos_through_a_glass_darkly
D:4:      minmay_temple_entry_overgrown, grunt_ministairs_3
D:5:      minmay_diamond_boxcup, amethyst_overflow_temple_binary,
          uniq_crazy_yiuf_cottage, uniq_blork_the_orc, uniq_grinder
D:6:      serial_shops, shop, shop, nicolae_shop_behind_doors,
          nicolae_ossuary_entry_ruins
D:7:      cheibrodos_ashenzari_chains, uniq_prince_ribbit1
D:8:      gammafunk_temple_overflow_wave, special_room
D:9:      kennysheep_orc_monster_closet_entryway, serial_shops, shop_coins
D:10:     david_lair_shrubbed, serial_shops, nicolae_shop_crystal, uniq_grum
D:11:     serial_shops, kennysheep_little_box, shop, shop, david_nohive_1
D:12:     basic_altar
D:13:     david_vaults_5, serial_shops, shop, uniq_josephine
D:14:     minmay_misc_feat_iff
D:15:     hangedman_depths_entry_civil_slaughter, minmay_misc_feat_plants,
          serial_park_tiny_pond
Lair:1:   basic_altar, minivault_25
Lair:2:   swamp_mist_pool, guppyfry_snake_entry_island
Lair:3:   nicolae_volcano_entry_s_turn
Lair:4:   st_stairs_11, serial_bayou_shore_b, grunt_megastairs_1, uniq_kirke
Lair:6:   grunt_lair_end_beastmaster, slime_altar_1, st_stairs_6,
          serial_bayou_crossing
Swamp:1:  evilmike_swamp_ruin_house_3, swamp_pool2,
          nicolae_swamp_very_dense_foliage
Swamp:2:  portal_ice_cave_entry_pillars_1, evilmike_swamp_ruin_house_6,
          swamp_pool1
Swamp:3:  nicolae_swamp_round_clearing
Swamp:4:  swamp_fiery, swamp_pool1
Snake:1:  nicolae_snake_round_shape_thing, serial_bayou_lagoon_a,
          lemuel_fruit_tree, uniq_aizul
Snake:2:  spider_trap, grunt_megastairs_3
Snake:3:  uniq_donald
Snake:4:  grunt_snake_rune_spirals, serial_shops, shop, shop, shop_statue,
          nicolae_shop_window_shopping, basic_altar, hangedman_venom_bottle
Orc:1:    serial_shops, nicolae_shop_trees, basic_altar, nicolae_orc_bridge_out
Orc:2:    st_orc_pillars
Vaults:1: ontoclasm_vaults_misaligned, vaults_standard_mumra_lines,
          vaults_mumra_chevron, grunt_vaults_hallway_short,
          grunt_vaults_hallway_short, grunt_vaults_trifunnel,
          nicolae_vaults_rhombus_5, nicolae_vaults_what_the_h,
          nicolae_vaults_ninety_degrees, grunt_vaults_swirl, v_misc_25,
          v_misc_9, vaults_dpeg_diagonal
Vaults:2: vaults_dpeg_hooks, v_misc_16, nicolae_vaults_little_squares_4,
          hangedman_vaults_corner, v_misc_22, hangedman_vaults_locks, v_misc_5,
          nicolae_vaults_holding_cells, vaults_room_corners,
          nicolae_vaults_little_ls, vaults_room_hallway, serial_shops, shop,
          nicolae_shop_overgrown_old_shop
Vaults:3: nicolae_vaults_know_your_exits, ontoclasm_vaults_gateway,
          ontoclasm_vaults_hangar, nicolae_vaults_yaktaur_gun_rack, v_misc_28,
          vaults_room_door_ring, ontoclasm_vaults_loading_screen,
          minmay_crypt_entry_simple_plaza, serial_shops,
          nicolae_shop_behind_doors, infiniplex_enter_wizlab_water, basic_altar,
          uniq_asterion
Vaults:4: hangedman_vaults_capsules, v_misc_11, nicolae_vaults_quartermaster,
          nicolae_vaults_circle_grid_b, nicolae_vaults_network_periphery,
          v_pattern_5, hangedman_vaults_pinch,
          vaults_standard_mumra_enter_the_diamond, v_misc_15, v_alt_pattern_1,
          uniq_saint_roka, uniq_jorgrun, uniq_margery, uniq_mara
Depths:1: constructs_gauntlet_mu_hangedman, hell_entry, spider_trap,
          pandoras_box_mu, minmay_shoptagon
Depths:2: minmay_quarter_circles, grunt_hell_entry_dis_grunt, glass_columns_b,
          nicolae_alphabet_shops
Depths:3: box_level_dp, hell_entry, pan_entry
Depths:4: cheibrodos_birdhouse, hell_entry, abyss_entry,
          infiniplex_staircase_star, basic_stair_grate_trap
Depths:5: grunt_x_marks_the_spot, enter_ziggurat_f, grunt_metal_band,
          uniq_sojobo, uniq_enchantress, uniq_boris
Zot:1:    grunt_megastairs_2
Zot:2:    st_large_dragon_hoard_3, basic_stair_grate_trap, lemuel_elevator
Zot:4:    hangedman_zot_decor_slant, hangedman_zot_decor_tridents
Ossuary:  ossuary_tomb_3
IceCv:    ice_cave_small_demon
Volcano:  volcano_overflow
WizLab:   wizlab_lehudib

Skill      XL: |  1  2  3  4  5  6  7  8  9 10 11 12 13 14 15 16 17 18 19 20 21 22 23 24 25 26 27 |
---------------+----------------------------------------------------------------------------------+-----
Axes           | 4 5 6 7 9 10 12 14 16 17 19 20 21 22 23 24 25 26 27 | 27.0
Fighting       | 4 5 6 7 8 10 11 12 13 14 15 16 17 18 19 20 21 22 23 24 | 24.7
Dodging        | 3 4 5 6 7 8 10 11 12 13 14 15 16 17 18 19 20 21 22 | 22.6
Armour         | 3 4 5 6 8 9 10 11 13 14 15 16 17 18 19 20 21 22 23 24 | 24.3
Crossbows      | 4 7 9 10 12 13 15 18 20 21 22 | 22.4

Action                   |  1- 3 |  4- 6 |  7- 9 | 10-12 | 13-15 | 16-18 | 19-21 | 22-24 | 25-27 || total
-------------------------+-------+-------+-------+-------+-------+-------+-------+-------+-------++-------
Melee: Hand axe          |   101 |    86 |   220 |       |       |       |       |       |       ||   407
       Headbutt          |    14 |    19 |    75 |    97 |   202 |   296 |   524 |   423 |   297 ||  1947
       War axe           |       |       |   103 |    56 |       |       |       |       |       ||   159
       Broad axe         |       |       |       |   257 |       |       |       |       |       ||   257
       Battleaxe         |       |       |       |    97 |   829 |   973 |  1482 |  1161 |   154 ||  4696
       Executioner's axe |       |       |       |       |       |    57 |    18 |    54 |   659 ||   788
 Fire: Arbalest          |       |       |       |       |       |       |     4 |       |     3 ||     7
       Triple crossbow   |       |       |       |       |       |       |       |    61 |       ||    61
Invok: Trog's Hand       |       |     1 |     1 |     1 |       |     7 |     3 |     1 |     1 ||    15
       Berserk           |       |     1 |       |     1 |       |       |       |       |       ||     2
       Brothers in Arms  |       |       |       |     3 |     1 |     2 |     1 |     2 |       ||     9
       Burn Spellbooks   |       |       |       |     1 |     5 |     1 |     3 |     5 |     4 ||    19
  Use: Scroll            |     5 |       |    10 |     9 |     9 |    16 |     9 |    16 |     6 ||    80
       Potion            |       |       |       |     1 |    10 |     7 |     3 |       |     7 ||    28
 Stab: Confused          |       |       |       |       |       |     1 |       |       |       ||     1
       Distracted        |       |       |       |       |       |       |     1 |     6 |       ||     7
  Eat: Chunk             |     2 |     2 |    10 |    18 |    23 |    14 |    13 |    20 |     3 ||   105
       Meat ration       |       |       |     1 |       |       |     4 |     4 |     4 |     4 ||    17
       Royal jelly       |       |       |       |     1 |     1 |     3 |       |       |       ||     5
       Bread ration      |       |       |       |       |     1 |       |       |       |       ||     1
       Fruit             |       |       |       |       |       |     2 |       |     2 |       ||     4
Armor: Animal skin       |    20 |       |       |       |       |       |       |       |       ||    20
       Chain mail        |    10 |    39 |   136 |       |       |       |       |       |       ||   185
       Crystal plate arm |       |       |       |   310 |   465 |   592 |   633 |   280 |       ||  2280
       Gold dragon scale |       |       |       |       |       |       |       |   573 |   511 ||  1084
Dodge: Dodged            |    69 |    44 |   142 |   210 |   426 |   633 |   772 |   981 |   621 ||  3898
Block: Other             |       |       |       |       |       |       |     4 |   103 |    76 ||   183
       Reflection        |       |       |       |       |       |       |       |     2 |     2 ||     4
